 Dungeon Crawl Stone Soup version 0.22.0 (webtiles) character file.

31 BigChef the Skirmisher (level 3, -1/29 HPs)
             Began as a Demonspawn Chaos Knight on Sept 3, 2018.
             Slain by an adder (3 damage)
             ... on level 2 of the Dungeon.
             The game lasted 00:06:17 (1674 turns).

BigChef the Skirmisher (Demonspawn Chaos Knight)    Turns: 1674, Time: 00:06:18

Health: -1/29      AC:  5    Str: 13    XL:     3   Next: 7%
Magic:  3/3        EV: 11    Int: 13    God:    Xom [...*..]
Gold:   122        SH:  0    Dex: 12    Spells: 2/2 levels left

rFire    . . .     SeeInvis .     - Unarmed
rCold    . . .     Gourm    .   (no shield)
rNeg     . . .     Faith    .   a - +2 leather armour
rPois    .         Spirit   .   (no helmet)
rElec    .         Reflect  .   (no cloak)
rCorr    .         Harm     .   (no gloves)
MR       .....                  (no boots)
Stlth    +.........             (no amulet)
HPRegen  0.09/turn              (no ring)
MPRegen  0.08/turn              (no ring)

@: lethally poisoned (-1 -> -12)
A: demonic guardian 1
a: Renounce Religion


You were on level 2 of the Dungeon.
You worshipped Xom.
You were a favourite toy of Xom.
You were not hungry.

You visited 1 branch of the dungeon, and saw 2 of its levels.

You collected 122 gold pieces.

Inventory:

Armour
 a - a +2 leather armour (worn)
Scrolls
 c - a scroll of teleportation {unknown}
 d - a scroll of immolation {unknown}
 e - a scroll of remove curse {unknown}
 f - a scroll of fog {unknown}
 g - 4 scrolls of identify {unknown}
Comestibles
 b - 3 rations


   Skills:
 + Level 3.4 Fighting
 + Level 1.9 Armour
 + Level 1.1 Dodging
 + Level 0.1 Stealth
 + Level 3.3 Unarmed Combat


You had 2 spell levels left.
You didn't know any spells.
Your spell library contained the following spells:

 Spells                   Type           Power        Failure   Level  Hunger
 Magic Dart               Conj           #...         36%         1    ##.....
 Conjure Flame            Conj/Fire      #.......     75%         3    ####...
 Slow                     Hex            #.......     52%         2    ###....
 Mephitic Cloud           Conj/Pois/Air  #.......     75%         3    ####...
 Blink                    Tloc           N/A          52%         2    ###....
 Call Imp                 Summ           #.......     52%         2    ###....


Dungeon Overview and Level Annotations

Branches:
Dungeon (1/15)

Altars:
Xom


Innate Abilities, Weirdness & Mutations

A weak demonic guardian rushes to your aid.


Message History

The adder is almost dead.
* * * LOW HITPOINT WARNING * * *
You feel sick. The adder bites you.
* * * LOW HITPOINT WARNING * * *
You closely miss the adder.
The adder is almost dead.
* * * LOW HITPOINT WARNING * * *
You feel sick. The adder barely misses you.
You aren't carrying any potions.
You aren't carrying any potions.
Okay, then.
Welcome back, BigChef the Demonspawn Chaos Knight.
Xom snickers.
Press ? for a list of commands and other information.
You barely miss the adder.
The adder is almost dead.
* * * LOW HITPOINT WARNING * * *
You feel sick. The adder bites you but does no damage. The adder bites you.
You die... "Boring in life, boring in death..."

#.# #.#
.# #.#
#.##.#
#.#
#..#.#
####.#
##.#.#
#....#
#...#
#.#######
##..#
#.#.....#
#..#
#.#.###.#
#..#
#.#.# #@#
#..#
#...# #S#
#..#
##### #.#
#..# #.#
##†## #.#
#>.. ..#
#### ..#
..#


You could see an adder.

Vanquished Creatures
  2 dart slugs (D:1)
  A leopard gecko (D:1)
  A ball python (D:2)
  5 hobgoblins
  A quokka (D:2)
  4 bats (D:1)
  5 goblins
  4 kobolds (D:1)
  2 rats (D:1)
25 creatures vanquished.

Notes
Turn   | Place    | Note
-------+----------+-------------------------------------------
     0 | D:1      | BigChef the Demonspawn Chaos Knight began the quest for the Orb.
     0 | D:1      | Reached XP level 1. HP: 18/18 MP: 1/1
   109 | D:1      | XOM: smoke on damage
   496 | D:1      | Gained mutation: A weak demonic guardian rushes to your aid. [demonic ancestry]
   496 | D:1      | Reached XP level 2. HP: 24/24 MP: 2/2
   509 | D:1      | XOM: harmless Tmut miscast
   703 | D:1      | XOM: cloud trail
   780 | D:1      | XOM: god gift: 32 gold pieces
   818 | D:1      | XOM: cast spell 'Summon Small Mammal'
   917 | D:1      | XOM: harmless Conj miscast
  1062 | D:1      | Reached skill level 1 in Dodging
  1151 | D:1      | XOM: scenery: create altars
  1433 | D:1      | You fall through a shaft!
  1581 | D:2      | Reached XP level 3. HP: 27/29 MP: 3/3
  1607 | D:2      | XOM: scenery: 2 doors open, 1 doors close
  1674 | D:2      | Slain by an adder

Skill      XL: |  1  2 |
---------------+-------+-----
Unarmed Combat | 3 |  3.3
Dodging        | 1 |  1.1
Fighting       | |  3.4
Armour         | |  1.9
Stealth        | |  0.1

Action                   || total
-------------------------++-------
Melee: Unarmed           ||   122
       Punch             ||     1
 Stab: Sleeping          ||     1
  Eat: Ration            ||     1
Armor: Leather armour    ||    33
Dodge: Dodged            ||    65
